 Dungeon Crawl Stone Soup version 0.30-a0-691-g754fce4c43 (webtiles) character file.

Game seed: 9289505155458057660

43164 Newt the Markskobold (level 14, 0/79 HPs)
             Began as a Kobold Hunter on Jan 19, 2023.
             Was a High Priest of Hepliaklqana.
             Slain by an ice devil (8 damage)
             ... in an ice cave.
             The game lasted 00:24:40 (13655 turns).

Newt the Markskobold (Kobold Hunter)               Turns: 13655, Time: 00:24:42

Health: 0/79       AC: 11    Str:  8    XL:     14   Next: 59%
Magic:  26/26      EV: 24    Int: 17    God:    Hepliaklqana [*****.]
Gold:   463        SH:  0    Dex: 23    Spells: 27/29 levels left

rFire   + . .      SeeInvis .    b - +6 shortbow (freeze)
rCold   . . .      Faith    .    (shield currently unavailable)
rNeg    . . .      Spirit   .    F - +0 steam dragon scales
rPois   +          Reflect  .    S - +2 hat
rElec   .          Harm     .    C - +1 cloak {Will+}
rCorr   +          Rampage  .    s - +0 pair of gloves {infuse}
Will    ++...                    (no boots)
Stlth   ++++                     L - amulet of regeneration
HPRegen 1.13/turn                B - ring of Divine Intervention {rCorr Int+6}
MPRegen 0.20/turn                x - ring of protection from fire

@: no status effects
A: reduced essence, small, no large weapons, nightstalker 3, poison resistance,
wild magic 1, noise suppression
a: Renounce Religion, Recall Ancestor, Ancestor Identity, Transference, Idealise


You were in an ice cave.
You worshipped Hepliaklqana.
Hepliaklqana was extremely pleased with you.
You visited 2 branches of the dungeon, and saw 13 of its levels.
You also visited: Bailey and Ice Cave.

You collected 763 gold pieces.
You spent 300 gold pieces at shops.

Inventory:

Hand Weapons
 a - a +1 shortbow of draining
 b - a +6 shortbow of freezing (weapon)
 j - a +0 sling
 Y - the +8 whip "Snakebite" {venom, curare, rPois}
   (You found it on level 1 of the Lair of Beasts)

   rPois:     It protects you from poison.
Missiles
 z - a throwing net
Armour
 c - a +1 leather armour
 e - a +0 kite shield
 l - a +0 pair of boots of rampaging
 m - the +0 pair of gloves of Entitlement {Str+6 Dex-5}
   (You found it on level 4 of the Dungeon)

   Str:       It affects your strength (+6).
   Dex:       It affects your dexterity (-5).
 s - a +0 pair of gloves of infusion (worn)
 v - a +2 chain mail of cold resistance
 C - a +1 cloak of willpower (worn)
 D - a +2 ring mail of fire resistance
 F - +0 steam dragon scales (worn)
 G - the +0 scale mail of Liberalism {rPois Str+2 Int+3}
   (You took it off an orc on level 8 of the Dungeon)

   Str:       It affects your strength (+2).
   Int:       It affects your intelligence (+3).
   rPois:     It protects you from poison.
 K - a +2 pair of gloves
 S - a +2 hat (worn)
Jewellery
 i - a ring of ice
 x - a ring of protection from fire (right hand)
 B - the ring of Divine Intervention (left hand) {rCorr Int+6}
   (You found it on level 6 of the Dungeon)

   [ring of intelligence]

   Int:       It affects your intelligence (+6).
   rCorr:     It protects you from acid and corrosion.
 E - a ring of fire
 L - an amulet of regeneration (around neck)
 M - a ring of ice
 R - an amulet of faith
Wands
 y - a wand of roots (2)
 A - a wand of paralysis (14)
 U - a wand of digging (8)
 X - a wand of polymorph (2)
Scrolls
 h - 3 scrolls of fog
 k - 9 scrolls of teleportation
 p - 2 scrolls of blinking
 u - 2 scrolls of fear
 J - 3 scrolls of immolation
 O - a scroll of amnesia
 P - a scroll of identify
 Q - a scroll of enchant armour
 T - a scroll of poison
 W - a scroll of brand weapon
Potions
 d - 4 potions of haste
 g - 2 potions of attraction
 n - 4 potions of mutation
 o - a potion of resistance
 q - 3 potions of magic
 r - 2 potions of lignification
 t - 4 potions of might
 w - 3 potions of invisibility
 H - a potion of curing
 I - 3 potions of heal wounds
 N - 5 potions of brilliance
 Z - a potion of flight
Miscellaneous
 f - a phantom mirror
 V - a phial of floods


   Skills:
 - Level 10.3 Fighting
 - Level 16.0 Ranged Weapons
 - Level 6.0 Armour
 - Level 10.5 Dodging
 - Level 3.0 Stealth
 - Level 8.0 Spellcasting
 - Level 9.0 Transmutations
 - Level 9.4 Invocations
 + Level 4.3 Evocations


You had 27 spell levels left.
You knew the following spells:

 Your Spells              Type           Power      Damage    Failure   Level
a - Wereblood             Tmut           48%        N/A       1%          2

Your spell library contained the following spells:

 Spells                   Type           Power      Damage    Failure   Level
 Beastly Appendage        Tmut           96%        N/A       1%          1
 Spider Form              Tmut/Pois      28%        N/A       8%          3
 Apportation              Tloc           16%        N/A       16%         1
 Kiss of Death            Conj/Necr      32%        2d7       16%         1
 Magic Dart               Conj           32%        1d4       16%         1
 Necrotise                Necr           32%        1d5       16%         1
 Summon Small Mammal      Summ           32%        N/A       16%         1
 Call Imp                 Summ           8%         N/A       22%         2
 Searing Ray              Conj           16%        2d5       22%         2
 Confusing Touch          Hex            8%         N/A       38%         3
 Mephitic Cloud           Conj/Pois/Air  8%         N/A       38%         3
 Alistair's Intoxication  Tmut/Pois      18%        N/A       50%         5
 Dispel Undead            Necr           8%         3d8       78%         4
 Fulminant Prism          Conj/Hex       4%         3d5       78%         4


Dungeon Overview and Level Annotations

Branches:
Dungeon (11/15)            Temple (0/1) D:7            Lair (2/5) D:11
    Orc (0/2) D:10         Bailey (visited)           IceCv (1/1)
  Swamp: Lair:2-3    Shoals: Lair:2-3     Snake: Lair:2-3    Spider: Lair:2-3

Altars:
Gozag
Hepliaklqana
Kikubaaqudgha
Qazlal
Trog
Wu Jian
Zin
The Shining One

Shops:
D:4 =

Annotations:
D:8 1 runed translucent door IceCv exclusion: 2 ice statues


Innate Abilities, Weirdness & Mutations

Your life essence is reduced to manifest your ancestor. (-10% HP)
You are small and have problems with some larger weapons.
You are completely attuned to the shadows.
Your system is resistant to poisons. (rPois)
Your spells are a little harder to cast, but a little more powerful.
You passively dampen the noise of your surroundings.


Message History

The ice statue is moderately damaged.
The ice statue gestures at you.
The bolt of cold hits the ice beast.
The ice beast completely resists.
The bolt of cold hits you!!
Fire: b) +6 shortbow (freeze)
Press: ? - help, Q - select action, (/) - cycle Shift-Dir - straight line, f/p - ice statue
Aim: an ice statue (moderately damaged, ally target, 95% to hit)
You shoot an arrow. The arrow hits the ice statue.
The ice statue is moderately damaged.
Ealamassi hits the ice statue with a +0 flail.
The ice statue glitters chillingly in the dim dungeon light.
The ice statue gestures at you. The bolt of cold misses you.
The bolt of cold hits the ice beast.
The ice beast completely resists.
The ice beast misses you.
Fire: b) +6 shortbow (freeze)
Press: ? - help, Q - select action, (/) - cycle Shift-Dir - straight line, f/p - ice statue
Aim: an ice statue (heavily damaged, ally target, 95% to hit)
You shoot an arrow. The arrow hits the ice statue!
The ice statue is heavily damaged.
Ealamassi hits the ice statue but does no damage.
Fire: b) +6 shortbow (freeze)
Press: ? - help, Q - select action, (/) - cycle Shift-Dir - straight line, f/p - ice statue
Aim: an ice statue (heavily damaged, ally target, 95% to hit)
You shoot an arrow. The arrow hits the ice statue.
The ice statue is heavily damaged.
The ice statue gestures at you. The shard of ice hits you!!
The ice beast misses you.
Fire: b) +6 shortbow (freeze)
Press: ? - help, Q - select action, (/) - cycle Shift-Dir - straight line, f/p - ice statue
Aim: an ice statue (heavily damaged, ally target, 95% to hit)
You shoot an arrow.
The arrow hits the ice statue but does no damage.
The ice statue is heavily damaged.
Ealamassi hits the ice statue but does no damage.
The ice statue gestures at you.
The bolt of cold misses the ice beast.
The bolt of cold hits you!!
* * * LOW HITPOINT WARNING * * *
The ice statue gestures.
The ice devil hits you!
You die...

#........
.........
##........
#....4....
#.Y.@YY..
#R.......
#8#....#8
# ##..##
##...#
##..#.≈≈
#..##≈≈≈
#...####
##...##


You could see the friendly Ealamassi the knight, 2 ice statues, an ice devil and
3 ice beasts.

Vanquished Creatures
  Gastronok (Lair:1)
  An orc warlord (Bailey)
  Snorg (D:10)
  Josephine (D:11)
  A hydra (D:8)
  2 two-headed ogres
  A boulder beetle (D:11)
  Sonja (Lair:1)
  Nergalle (Lair:1)
  An orc knight (Bailey)
  A manticore (D:11)
  2 centaur zombies (D:10)
  2 black mambas (Lair:1)
  A cane toad (Lair:1)
  A kobold demonologist (D:10)
  A komodo dragon (Lair:1)
  2 unseen horror zombies (D:10)
  The ghost of bande the Chopper, a novice GrFi of Okawaru (D:5)
  An ice devil (Lair:2)
  A troll (D:11)
  7 blink frogs (Lair:1)
  A wyvern (D:10)
  3 wraiths (D:11)
  8 yaks
  A basilisk (Lair:1)
  2 death yak simulacra (IceCv)
  2 wargs (D:11)
  2 steam dragons (D:8)
  A vampire mosquito (D:11)
  An acid dragon (D:10)
  7 water moccasins
  16 orc warriors
  An ice beast (D:5)
  2 wolves (Lair:1)
  3 ogres
  4 centaurs
  7 kobold brigands
  5 bullfrogs
  Blork the orc (D:4)
  A scorpion (D:7)
  A two-headed ogre simulacrum (IceCv)
  2 necrophages
  4 gnoll sergeants
  A cane toad simulacrum (IceCv)
  6 wights
  5 killer bees (D:7)
  4 howler monkeys (D:8)
  An electric eel (D:11)
  2 jellies
  11 orc priests
  3 hounds
  A human zombie (D:10)
  An iguana (D:7)
  6 orc wizards
  A howler monkey zombie (D:10)
  A mummy (D:10)
  12 gnolls
  6 adders
  A naga simulacrum (IceCv)
  A white imp (IceCv)
  2 ufetubi
  4 worms
  43 orcs
  4 endoplasms
  2 giant cockroaches
  11 goblins
  12 hobgoblins
  3 jackals (D:1)
  16 kobolds
  4 quokkas
  9 ball pythons
  7 bats
  5 frilled lizards
  2 goblin skeletons (D:8)
  2 hobgoblin zombies (D:8)
  2 kobold skeletons (D:8)
  4 rats
301 creatures vanquished.

Vanquished Creatures (collateral kills)
  Fannar (D:10)
  A hydra (D:8)
  A centaur warrior (D:8)
  2 two-headed ogres
  A boulder beetle (D:8)
  A deep elf pyromancer (D:8)
  A centaur zombie (D:10)
  A black mamba (Lair:1)
  An unseen horror (D:11)
  Psyche (D:10)
  3 cane toads
  2 komodo dragons (Lair:1)
  An ice devil (Lair:2)
  2 trolls
  Sigmund (D:3)
  9 yaks
  A wyvern (D:9)
  A steam dragon (D:8)
  A vampire mosquito (D:11)
  A warg (D:11)
  An acid dragon (D:7)
  3 water moccasins
  5 orc warriors
  A centaur (D:8)
  2 wolves (Lair:1)
  A phantom (D:6)
  A gnoll sergeant (D:10)
  A kobold brigand (D:8)
  5 bullfrogs
  A scorpion (D:6)
  2 wights (D:8)
  7 killer bees (D:7)
  An iron imp (D:8)
  5 orc priests
  A jelly (D:8)
  A gnoll bouda (D:6)
  Crazy Yiuf (D:6)
  An iguana (D:7)
  2 orc wizards
  A spriggan simulacrum (IceCv)
  7 gnolls
  An adder (D:6)
  A white imp (IceCv)
  An ufetubus (IceCv)
  18 orcs
  5 hobgoblins
  2 bats
  A goblin zombie (D:8)
  A hobgoblin zombie (D:8)
  5 kobolds
  An orc zombie (D:8)
119 creatures vanquished.

Vanquished Creatures (others)
  3 knights
  2 ancestors
  5 fungi
10 creatures vanquished.

Grand Total: 430 creatures vanquished

Notes
Turn   | Place    | Note
-------+----------+-------------------------------------------
     0 | D:1      | Newt the Kobold Hunter began the quest for the Orb.
     0 | D:1      | Reached XP level 1. HP: 12/12 MP: 1/1
   157 | D:1      | Reached XP level 2. HP: 16/17 MP: 2/2
   555 | D:1      | Found a faded altar of an unknown god.
   558 | D:1      | Prayed at the altar of an unknown god.
   558 | D:1      | Became a worshipper of Hepliaklqana the Forgotten
   558 | D:1      | Reached * piety under Hepliaklqana
   573 | D:1      | Reached XP level 3. HP: 17/20 MP: 3/3
  1335 | D:2      | Reached XP level 4. HP: 26/26 MP: 4/4
  1793 | D:3      | Found an ornate altar of the Wu Jian Council.
  1811 | D:3      | Reached XP level 5. HP: 7/29 MP: 3/5
  2471 | D:3      | Noticed Sigmund
  2477 | D:3      | Killed Sigmund
  2478 | D:3      | Reached skill level 7 in Ranged Weapons
  2478 | D:3      | Reached XP level 6. HP: 32/34 MP: 6/6
  2704 | D:4      | Reached skill level 8 in Ranged Weapons
  2771 | D:4      | Reached ** piety under Hepliaklqana
  2772 | D:4      | Remembered your ancestor Ealamassi as a knight
  2831 | D:4      | Reached XP level 7. HP: 38/38 MP: 7/7
  2852 | D:4      | Found Ykalush's Jewellery Shoppe.
  2915 | D:4      | Noticed Blork the orc
  2919 | D:4      | Killed Blork the orc
  2921 | D:4      | Identified the +0 pair of gloves of Entitlement {Str+6
                  | Dex-5}
  2972 | D:4      | Found a bloodstained altar of Trog.
  3037 | D:4      | Found a stormy altar of Qazlal.
  3106 | D:5      | Entered Level 5 of the Dungeon
  3111 | D:5      | Reached skill level 9 in Ranged Weapons
  3175 | D:5      | Found an opulent altar of Gozag.
  3817 | D:5      | Found a runed translucent gate.
  3818 | D:5      | Found a runed translucent gate.
  3819 | D:5      | Found a runed translucent gate.
  3957 | D:5      | Noticed bande's ghost (novice GrFi)
  4006 | D:5      | Noticed a two-headed ogre
  4015 | D:5      | Killed a two-headed ogre
  4016 | D:5      | Reached skill level 5 in Transmutations
  4016 | D:5      | Reached XP level 8. HP: 43/43 MP: 12/14
  4019 | D:5      | Learned a level 2 spell: Wereblood
  4080 | D:5      | Found a glowing silver altar of Zin.
  4142 | D:5      | Identified the +0 chain mail of Courage {*Corrode rF+ rC+
                  | Stlth+}
  4167 | D:5      | Reached XP level 9. HP: 43/46 MP: 13/15
  4224 | D:5      | Killed bande's ghost
  4225 | D:5      | Reached skill level 5 in Fighting
  4402 | D:6      | Reached *** piety under Hepliaklqana
  4441 | D:6      | HP: 2/49 [phantom (6)]
  4448 | D:6      | Reached skill level 10 in Ranged Weapons
  4974 | D:6      | Reached skill level 11 in Ranged Weapons
  5172 | D:6      | Identified the ring of Divine Intervention {rCorr Int+6}
  5329 | D:6      | Found a runed translucent door.
  5332 | D:6      | Noticed Crazy Yiuf
  5336 | D:6      | Killed Crazy Yiuf
  5524 | D:7      | Noticed a troll
  5530 | D:7      | Killed a troll
  5531 | D:7      | Reached skill level 12 in Ranged Weapons
  5558 | D:7      | Reached skill level 5 in Dodging
  5558 | D:7      | Reached XP level 10. HP: 18/54 MP: 16/16
  5897 | D:7      | Reached skill level 1 in Evocations
  6121 | D:7      | Found a staircase to the Ecumenical Temple.
  6180 | D:7      | Reached skill level 1 in Invocations
  6487 | D:8      | Noticed a two-headed ogre
  6493 | D:8      | Killed a two-headed ogre
  6494 | D:8      | Reached skill level 5 in Invocations
  6601 | D:8      | Found a glowing golden altar of the Shining One.
  6688 | D:8      | Found a runed translucent door.
  6776 | D:8      | HP: 2/54 [bullfrog (5)]
  7203 | D:8      | Found a runed translucent door.
  7374 | D:8      | Noticed a deep elf pyromancer
  7375 | D:8      | Noticed a seven-headed hydra
  7430 | D:9      | Reached **** piety under Hepliaklqana
  7563 | D:8      | Reached XP level 11. HP: 57/61 MP: 17/17
  7602 | D:8      | Killed a seven-headed hydra
  7634 | D:8      | Noticed a centaur warrior
  7643 | D:8      | Killed a centaur warrior
  7643 | D:8      | Noticed a four-headed hydra
  7648 | D:8      | Killed a four-headed hydra
  7649 | D:8      | Identified the +0 scale mail of Liberalism {rPois Str+2
                  | Int+3}
  7859 | D:8      | Noticed a boulder beetle
  7869 | D:8      | Killed a deep elf pyromancer
  7877 | D:8      | Killed a boulder beetle
  7878 | D:8      | Reached skill level 13 in Ranged Weapons
  8158 | D:9      | Gained mutation: Your spells are a little harder to cast,
                  | but a little more powerful. [potion of mutation]
  8158 | D:9      | Gained mutation: You passively dampen the noise of your
                  | surroundings. [potion of mutation]
  8158 | D:9      | Gained mutation: Your system is resistant to poisons.
                  | (rPois) [potion of mutation]
  8422 | D:9      | Reached skill level 14 in Ranged Weapons
  8513 | D:9      | Noticed a two-headed ogre
  8522 | D:9      | Killed a two-headed ogre
  8523 | D:9      | Reached XP level 12. HP: 68/68 MP: 18/18
  8920 | D:10     | Entered Level 10 of the Dungeon
  9000 | D:10     | Found an ancient bone altar of Kikubaaqudgha.
  9247 | D:10     | Noticed Psyche
  9254 | D:10     | Killed Psyche
  9354 | D:10     | Found a flagged portal.
  9360 | Bailey   | Entered a bailey
  9681 | Bailey   | Noticed an orc warlord
  9701 | Bailey   | Killed an orc warlord
 10003 | D:10     | Reached skill level 10 in Fighting
 10003 | D:10     | Reached skill level 10 in Dodging
 10003 | D:10     | Reached XP level 13. HP: 74/74 MP: 18/20
 10217 | D:10     | Found a staircase to the Orcish Mines.
 10224 | D:10     | Reached skill level 1 in Armour
 10873 | D:4      | Bought an amulet of regeneration for 300 gold pieces
 11036 | D:10     | Noticed Fannar
 11044 | D:10     | Killed Fannar
 11045 | D:10     | Reached skill level 5 in Armour
 11139 | D:10     | Noticed Snorg
 11146 | D:10     | Killed Snorg
 11615 | D:11     | Noticed Josephine
 11624 | D:11     | Killed Josephine
 11639 | D:11     | Found a staircase to the Lair.
 11779 | D:11     | Reached skill level 5 in Spellcasting
 11779 | D:11     | Reached XP level 14. HP: 79/79 MP: 21/21
 11895 | D:11     | Reached ***** piety under Hepliaklqana
 12417 | Lair:1   | Entered Level 1 of the Lair of Beasts
 12644 | Lair:1   | Noticed Gastronok
 12657 | Lair:1   | Killed Gastronok
 12896 | Lair:1   | Noticed Nergalle
 12908 | Lair:1   | Killed Nergalle
 12965 | Lair:1   | Noticed Sonja
 12977 | Lair:1   | Killed Sonja
 12978 | Lair:1   | Reached skill level 15 in Ranged Weapons
 13254 | Lair:1   | Found the +8 whip "Snakebite" {venom, curare, rPois}
 13558 | Lair:2   | Found a frozen archway.
 13564 | IceCv    | Entered an ice cave
 13575 | IceCv    | Reached skill level 16 in Ranged Weapons
 13655 | IceCv    | Slain by an ice devil

Illustrated notes

Levels and vault maps discovered:
D:1:      lemuel_arrival_cross, layout_loops_corners,
          shapermc_ecumenical_altar_mp_ritualfount, hex_tiny
D:2:      layout_basic, nrook_campfire, minmay_stone_trees_small,
          minmay_hedge_maze
D:3:      layout_basic, nicolae_wu_jian_wuxing_cycle, uniq_sigmund
D:4:      layout_rooms, mainiacjoe_overflow_catch_the_wave, serial_shops, shop,
          uniq_blork_the_orc
D:5:      layout_gridville, mainiacjoe_overflow_concentric_impassable,
          grunt_gozag_breadcrumbs, biasface_ghost_orc_armoury
D:6:      layout_cave_pools, uniq_crazy_yiuf_cottage
D:7:      layout_rooms, minmay_temple_entry_junction
D:8:      cheibrodos_histonic, layout_rooms, nicolae_tso_besieged_by_evil,
          grunt_ministairs_2
D:9:      layout_stronghold
D:10:     layout_basic, lemuel_mausoleum_altar_kikubaaqudgha,
          kennysheep_orc_monster_closet_entryway, enter_bailey_2, uniq_fannar,
          uniq_psyche, uniq_snorg
D:11:     layout_roguey, erik_lair_orcish_takeover, fungi_pond_lemuel,
          uniq_josephine
Lair:1:   minmay_guarded_unrand_snakebite, layout_cave_pods, grunt_megastairs_4,
          uniq_sonja, uniq_nergalle, uniq_gastronok
Lair:2:   layout_gridlike, elwin_shoals_entry_rocks,
          nicolae_spider_entry_lesser_pyramids, portal_ice_cave_demonic_guard,
          lemuel_fruit_tree, lemuel_fruit_fields
IceCv:    ice_cave_small_demon

Skill      XL: |  1  2  3  4  5  6  7  8  9 10 11 12 13 14 |
---------------+-------------------------------------------+-----
Stealth        | 2 3 |  3.0
Fighting       | 3 4 6 8 9 10 | 10.3
Dodging        | 3 4 5 6 9 10 | 10.5
Ranged Weapons | 7 8 9 12 14 16 | 16.0
Spellcasting   | 4 5 8 |  8.0
Transmutations | 5 6 7 9 |  9.0
Evocations     | 4 |  4.3
Invocations    | 6 9 |  9.4
Armour         | 6 |  6.0

Action                   |  1- 3 |  4- 6 |  7- 9 | 10-12 | 13-15 || total
-------------------------+-------+-------+-------+-------+-------++-------
 Fire: Shortbow          |    69 |    75 |   175 |   426 |   484 ||  1229
 Cast: Wereblood         |       |       |     7 |    18 |     7 ||    32
Invok: Recall Ancestor   |       |     1 |     1 |       |       ||     2
       Ancestor Life: Kn |       |     1 |       |       |       ||     1
       Transference      |       |       |     1 |       |       ||     1
       Idealise          |       |       |       |     1 |     1 ||     2
Evoke: Phantom mirror    |       |       |       |     1 |       ||     1
       Wand              |       |       |       |    10 |     1 ||    11
  Use: Potion            |     1 |     2 |     3 |     2 |       ||     8
       Scroll            |       |    11 |     6 |     8 |     2 ||    27
Armor: Leather armour    |     9 |    15 |    20 |     6 |       ||    50
       Steam dragon scal |       |       |       |     6 |    23 ||    29
Dodge: Dodged            |    23 |    47 |    62 |   104 |   169 ||   405

Table legend: (Time is in decaauts)
 A = Elapsed time spent in this place.
 B = Non-inter-level travel time spent in this place.
 C = Inter-level travel time spent in this place.
 D = Time resting spent in this place.
 E = Time spent auto-exploring this place.
 F = Levels seen in this place.
 G = Mean time per level.
                   A        B        C        D        E       F      G
               +--------+--------+--------+--------+--------+-----+--------+
         Total |  13542 |  12639 |    903 |   1629 |   8714 |  15 |  902.8 |
       Dungeon |  11739 |  10866 |    873 |   1360 |   7658 |  11 | 1067.2 |
          Lair |   1102 |   1073 |     29 |      0 |    807 |   2 |  551.0 |
        Bailey |    620 |    620 |      0 |    236 |    236 |   1 |  620.0 |
      Ice Cave |     79 |     79 |      0 |     33 |     13 |   1 |   79.0 |
               +--------+--------+--------+--------+--------+-----+--------+

Top non-repeatable levels by time:
    D:10: 1722 daAuts
     D:5: 1555 daAuts
     D:8: 1524 daAuts
     D:7: 1108 daAuts
     D:1: 1074 daAuts
  Lair:1: 1015 daAuts
     D:9: 989 daAuts
    D:11: 856 daAuts
     D:6: 786 daAuts
     D:4: 740 daAuts
     D:2: 737 daAuts
     D:3: 642 daAuts
  Bailey: 620 daAuts
  Lair:2: 86 daAuts
   IceCv: 79 daAuts
